 Dungeon Crawl Stone Soup version 0.22-a0-348-gd16d139 (webtiles) character file.

8470 torrenera the Ogre Mage (level 11, -17/119 HPs)
             Began as an Ogre Fire Elementalist on Apr 8, 2018.
             Was a Priest of Vehumet.
             Demolished by a white ugly thing (31 damage)
             ... on level 10 of the Dungeon on Apr 9, 2018.
             The game lasted 00:37:46 (11949 turns).

torrenera the Ogre Mage (Ogre Fire Elementalist)   Turns: 11949, Time: 00:37:47

Health: -17/119    AC:  7    Str: 15    XL:     11   Next: 31%
Magic:  14/25      EV: 12    Int: 20    God:    Vehumet [***...]
Gold:   685        SH:  0    Dex:  9    Spells: 13/31 levels left

rFire    + . .     SeeInvis .   n - staff of fire
rCold    . . .     Gourm    .   (no shield)
rNeg     . . .     Faith    .   L - +0 troll leather armour
rPois    .         Spirit   .   (helmet restricted)
rElec    .         Reflect  .   A - +1 cloak
rCorr    .         Harm     .   (gloves unavailable)
MR       +....                  (boots unavailable)
Stlth    +.........             (no amulet)
HPRegen  0.69/turn              h - +2 ring of intelligence
MPRegen  0.19/turn              q - +2 ring of evasion (curse)

@: about to teleport
A: large, unfitting armour, tough skin 1
a: Renounce Religion


You were on level 10 of the Dungeon.
You worshipped Vehumet.
Vehumet was most pleased with you.
You were not hungry.

You visited 2 branches of the dungeon, and saw 12 of its levels.

You collected 685 gold pieces.

Inventory:

Hand Weapons
 d - a +0 whip of flaming
 r - a +0 flail
 y - a +0 battleaxe
Missiles
 k - 223 stones (quivered)
 E - 59 poisoned needles
 J - 15 tomahawks
Armour
 v - a cursed +1 shield
 A - a +1 cloak (worn)
 L - a +0 troll leather armour (worn)
Magical Staves
 n - an uncursed staff of fire (weapon)
Jewellery
 h - a +2 ring of intelligence (left hand)
 q - a cursed +2 ring of evasion (right hand)
 t - a cursed ring of loudness {unknown}
 F - an uncursed ring of protection from cold {unknown}
 K - an uncursed amulet of the acrobat {unknown}
Wands
 b - a wand of acid (6)
 f - a wand of clouds (1)
 D - a wand of digging (15)
Scrolls
 e - 4 scrolls of remove curse
 g - a scroll of magic mapping
 i - 7 scrolls of identify
 m - 2 scrolls of immolation
 p - 7 scrolls of teleportation
 w - a scroll of amnesia {unknown}
 x - a scroll of fog
 C - a scroll of enchant armour
 H - a scroll of vulnerability {unknown}
Potions
 j - a potion of mutation {unknown}
 l - a potion of curing
 o - 3 potions of might
 s - a potion of berserk rage {unknown}
 u - 2 potions of agility
 z - 2 potions of brilliance {unknown}
 B - a potion of heal wounds {unknown}
Miscellaneous
 G - 2 sacks of spiders
Comestibles
 c - 15 rations
 I - 11 chunks of flesh


   Skills:
 - Level 10.4 Fighting
 * Level 2.6 Dodging
 - Level 1.4 Stealth
 * Level 7.5 Shields
 - Level 10.6 Spellcasting
 - Level 6.2 Conjurations
 - Level 5.2 Fire Magic


You had 13 spell levels left.
You knew the following spells:

 Your Spells              Type           Power        Failure   Level  Hunger
a - Flame Tongue          Conj/Fire      #####        1%          1    None
b - Conjure Flame         Conj/Fire      ######..     1%          3    None
c - Sticky Flame          Conj/Fire      ######..     2%          4    ##.....
d - Throw Flame           Conj/Fire      ######       1%          2    None
e - Fireball              Conj/Fire      ######....   5%          5    ####...
f - Summon Small Mammal   Summ           ##..         9%          1    None
g - Apportation           Tloc           ##....       9%          1    None
h - Animate Skeleton      Necr           N/A          9%          1    None


Dungeon Overview and Level Annotations

Branches:
Dungeon (11/15)            Temple (1/1) D:7             Orc (0/2) D:10
   Lair: D:8-11

Altars:
Ashenzari
Cheibriados
Dithmenos
Elyvilon
Fedhas
Gozag
Hepliaklqana
Kikubaaqudgha
Makhleb
Nemelex Xobeh
Okawaru
Qazlal
Ru
Sif Muna
Trog
Uskayaw
Vehumet
Wu Jian
Xom
Yredelemnul
Zin
The Shining One

Shops:
D:11 !?

Annotations:
D:3 Grinder
D:11 Erolcha


Innate Abilities, Weirdness & Mutations

You are too large for most types of armour.
You have tough skin. (AC +1)


Message History

The white ugly thing is covered in liquid flames!
The white ugly thing burns!
The white ugly thing closely misses you.
The white ugly thing burns!
The white ugly thing claws you! The white ugly thing freezes you!!
The white ugly thing burns!
There is a stone staircase leading up, spattered with blood here.
The white ugly thing burns!
The white ugly thing stops burning.
The white ugly thing claws you. The white ugly thing freezes you!!
* * * LOW HITPOINT WARNING * * *
You climb upwards.
There is a stone staircase leading down here.
You see here a +0 robe.
Unknown command.
There is an open door here.
As you read the scroll of teleportation, it crumbles to dust.
You feel strangely unstable. The white ugly thing claws you!
* * * LOW HITPOINT WARNING * * *
The white ugly thing freezes you!!
You die...

.# #.......#.# #.#
)############.#.###.#.#
#.#
............'.#...#.#.#
#.#
.############.###.#.#.#
#.# .# #.....#...# #.#
.# ####'###### #.# ##
#.# #.# # #.# #.#
####### #@## #.#
......# #u.# #.#
......# #####'### #.#
......#######.......#
#.#
...........##.....)>#
#.##
......####..'.......#
#..# ......#
####.......# ##.#
......# #.......# #.#
####### ######'## #.#


You could see a white ugly thing.

Vanquished Creatures
  3 two-headed ogres
  Pikel (D:7)
  2 trolls
  Sigmund (D:5)
  A spriggan (D:7)
  2 wyverns
  A wraith (D:10)
  5 yaks (D:10)
  2 hungry ghosts
  Menkaure (D:4)
  A slave (D:7)
  6 orc warriors
  2 sky beasts (D:9)
  A phantom (D:9)
  4 ogres
  2 centaurs
  A big kobold (D:9)
  7 bullfrogs
  4 scorpions
  7 killer bees
  A howler monkey (D:4)
  A jelly (D:5)
  A centaur zombie (D:6)
  A bullfrog zombie (D:11)
  2 bullfrog skeletons
  2 centaur skeletons (D:9)
  6 orc priests
  2 hounds
  Crazy Yiuf (D:7)
  Jessica (D:3)
  4 iguanas
  7 orc wizards
  15 worker ants
  A killer bee zombie (D:10)
  A hound zombie (D:10)
  2 hound skeletons (D:5)
  A howler monkey skeleton (D:4)
  3 gnolls (D:8)
  5 adders
  An ooze (D:3)
  4 adder skeletons
  3 dart slugs (D:1)
  9 leopard geckos
  49 orcs
  4 bats
  6 giant cockroaches
  9 goblins
  6 hobgoblins
  7 jackals
  A quokka (D:10)
  A ball python (D:1)
  5 frilled lizards
  15 kobolds
  A leopard gecko zombie (D:6)
  A quokka zombie (D:8)
  6 rats
239 creatures vanquished.

Vanquished Creatures (others)
  An ice beast (D:7)
  A crimson imp (D:7)
  An orc (D:7)
  A quokka (D:7)
4 creatures vanquished.

Grand Total: 243 creatures vanquished

Notes
Turn   | Place    | Note
-------+----------+-------------------------------------------
     0 | D:1      | torrenera the Ogre Fire Elementalist began the quest for the Orb.
     0 | D:1      | Reached XP level 1. HP: 16/16 MP: 3/3
   135 | D:1      | Reached XP level 2. HP: 24/24 MP: 3/5
   430 | D:1      | Reached XP level 3. HP: 6/31 MP: 2/7
  1188 | D:2      | Found a faded altar of an unknown god.
  1432 | D:2      | Found a shattered altar of Ashenzari.
  1613 | D:3      | Found an ornate altar of the Wu Jian Council.
  1619 | D:3      | Reached XP level 4. HP: 39/39 MP: 5/9
  1752 | D:3      | Noticed Grinder
  1798 | D:4      | Reached XP level 5. HP: 29/45 MP: 6/11
  1835 | D:4      | Noticed Menkaure
  1844 | D:3      | Paralysed by Grinder for 4 turns
  2153 | D:3      | Paralysed by Grinder for 5 turns
  2212 | D:3      | Reached skill level 5 in Spellcasting
  2411 | D:3      | Noticed Jessica
  2418 | D:3      | Killed Jessica
  2647 | D:4      | HP: 3/67 [scorpion (4)]
  2651 | D:4      | Reached XP level 6. HP: 4/53 MP: 1/14
  3299 | D:3      | Learned a level 3 spell: Conjure Flame
  3304 | D:3      | Learned a level 4 spell: Sticky Flame
  3933 | D:4      | Killed Menkaure
  3933 | D:4      | Reached XP level 7. HP: 7/59 MP: 8/17
  4349 | D:5      | Entered Level 5 of the Dungeon
  4495 | D:5      | Noticed Sigmund
  4625 | D:5      | Learned a level 2 spell: Throw Flame
  4961 | D:5      | Killed Sigmund
  4961 | D:5      | Reached skill level 5 in Fire Magic
  4979 | D:5      | Reached XP level 8. HP: 60/67 MP: 13/20
  5250 | D:5      | Reached skill level 1 in Conjurations
  6497 | D:7      | Learned a level 5 spell: Fireball
  6567 | D:7      | Noticed Pikel
  6606 | D:7      | Killed Pikel
  6606 | D:7      | Reached skill level 10 in Spellcasting
  6606 | D:7      | Reached XP level 9. HP: 74/74 MP: 5/23
  7171 | D:7      | Found a runed door.
  7228 | D:7      | Found a staircase to the Ecumenical Temple.
  7418 | Temple   | Entered the Ecumenical Temple
  7465 | Temple   | Became a worshipper of Vehumet
  7651 | D:7      | Noticed Crazy Yiuf
  7654 | D:7      | Killed Crazy Yiuf
  7654 | D:7      | Reached skill level 5 in Conjurations
  7737 | D:8      | Noticed a two-headed ogre
  7804 | D:8      | Noticed a two-headed ogre
  8226 | D:8      | Reached skill level 1 in Fighting
  8285 | D:8      | Killed a two-headed ogre
  8285 | D:8      | Reached XP level 10. HP: 94/94 MP: 4/24
  8423 | D:8      | Killed a two-headed ogre
  9090 | D:9      | Reached * piety under Vehumet
  9090 | D:9      | Offered knowledge of Sting by Vehumet.
  9254 | D:9      | Reached skill level 5 in Shields
  9470 | D:9      | Noticed a two-headed ogre
  9483 | D:9      | Killed a two-headed ogre
 10378 | D:10     | Entered Level 10 of the Dungeon
 10414 | D:10     | Found a staircase to the Orcish Mines.
 10770 | D:10     | Reached XP level 11. HP: 115/115 MP: 17/25
 10929 | D:10     | Reached ** piety under Vehumet
 11142 | D:10     | Offered knowledge of Throw Frost by Vehumet.
 11158 | D:10     | Reached skill level 10 in Fighting
 11633 | D:10     | Offered knowledge of Ignite Poison by Vehumet.
 11649 | D:10     | Learned a level 1 spell: Summon Small Mammal
 11651 | D:10     | Learned a level 1 spell: Apportation
 11653 | D:10     | Learned a level 1 spell: Animate Skeleton
 11704 | D:11     | Found Wugutza's Distillery.
 11704 | D:11     | Found Vaenikho's Magic Scroll Emporium.
 11704 | D:11     | Noticed Erolcha
 11706 | D:11     | Noticed a two-headed ogre
 11749 | D:11     | Reached *** piety under Vehumet
 11935 | D:11     | Noticed a white ugly thing
 11949 | D:10     | Demolished by a white ugly thing

Vault maps used:
D:1:      lightli_arrival_boilingwater
D:2:      chequers_ecumenical_altar_island, lemuel_statue_altar
D:3:      nicolae_overflow_crystal_walls, uniq_grinder, uniq_jessica
D:4:      uniq_menkaure
D:5:      first_ration, uniq_sigmund
D:7:      temple_hall, the_bakery, uniq_crazy_yiuf_cottage, uniq_pikel
D:10:     orc_0_dummy, hangedman_decor_slide_cut
D:11:     minmay_opposing_rooms, due_lair_maze_entry_diamond, serial_shops,
          bzr_entry_lakeside, kennysheep_mini, shop, shop, lemuel_tele_altar,
          uniq_erolcha
Temple:   nicolae_temple_the_god_donut

Skill      XL: |  1  2  3  4  5  6  7  8  9 10 11 |
---------------+----------------------------------+-----
Fire Magic     | 3 4 5 |  5.2
Spellcasting   | 3 4 5 7 8 10 | 10.6
Conjurations   | 3 6 |  6.2
Fighting       | 4 9 10 | 10.4
Shields        | 3 6 7 |  7.5
Dodging        | 2 |  2.6
Stealth        | |  1.4

Action                   |  1- 3 |  4- 6 |  7- 9 | 10-12 || total
-------------------------+-------+-------+-------+-------++-------
Melee: Dagger            |    14 |       |       |       ||    14
       Short sword       |    12 |    29 |       |       ||    41
       Flail             |       |       |    55 |       ||    55
       Staff             |       |       |    69 |    25 ||    94
Throw: Stone             |       |     5 |     4 |     5 ||    14
 Cast: Flame Tongue      |    56 |   105 |    97 |    60 ||   318
       Sticky Flame      |       |       |    34 |    39 ||    73
       Throw Flame       |       |       |    16 |    77 ||    93
       Conjure Flame     |       |       |     2 |     3 ||     5
       Fireball          |       |       |       |     6 ||     6
Evoke: Wand              |       |       |       |     3 ||     3
  Use: Potion            |       |     7 |       |       ||     7
       Scroll            |       |     8 |       |     1 ||     9
 Stab: Sleeping          |     3 |     1 |     1 |       ||     5
  Eat: Chunk             |     2 |     7 |    16 |    14 ||    39
Armor: Robe              |     9 |    18 |    36 |    15 ||    78
       Skin              |       |     5 |       |       ||     5
       Troll leather arm |       |       |       |     1 ||     1
Dodge: Dodged            |    33 |    40 |   120 |    65 ||   258

Table legend:
 A = Spawn XP
 B = Non-spawn XP
 C = Spawn XP percentage of total XP
 D = Spawn monster count
 E = Non-spawn monster count
 F = Spawn count percentage of total count
 G = Total turns spent on level
                    A         B        C        D         E        F      G
               +---------+---------+-------+---------+---------+-------+---------
         Total |       0 |   12100 |   0.0 |       0 |     239 |   0.0 | 11949
               +---------+---------+-------+---------+---------+-------+---------
           D:1 |       0 |      53 |   0.0 |       0 |      28 |   0.0 |  1013
           D:2 |       0 |      26 |   0.0 |       0 |       8 |   0.0 |   610
           D:3 |       0 |     104 |   0.0 |       0 |      26 |   0.0 |  1114
           D:4 |       0 |     618 |   0.0 |       0 |      20 |   0.0 |  1657
           D:5 |       0 |     482 |   0.0 |       0 |      14 |   0.0 |   907
           D:6 |       0 |     567 |   0.0 |       0 |      17 |   0.0 |  1186
           D:7 |       0 |    1234 |   0.0 |       0 |      14 |   0.0 |  1505
           D:8 |       0 |    2594 |   0.0 |       0 |      20 |   0.0 |   624
           D:9 |       0 |    2598 |   0.0 |       0 |      25 |   0.0 |  1703
          D:10 |       0 |    3172 |   0.0 |       0 |      59 |   0.0 |  1502
          D:11 |       0 |     652 |   0.0 |       0 |       8 |   0.0 |    65
               +---------+---------+-------+---------+---------+-------+---------
